 Dungeon Crawl Stone Soup version 0.31-a0-233-g139696dc86 (webtiles) character file.

Game seed: 15919106584464956821

160 qw the Shooter (level 5, -1/30 HPs)
             Began as a Gargoyle Hexslinger on July 8, 2023.
             Slain by an orc
             ... wielding a +0 dagger
              (2 damage)
             ... on level 4 of the Dungeon.
             The game lasted 00:00:56 (2036 turns).

qw the Shooter (Gargoyle Hexslinger)                Turns: 2036, Time: 00:00:57

Health: -1/30      AC:  9    Str: 17    XL:     5   Next: 41%
Magic:  6/6        EV: 11    Int: 14    God:
Gold:   186        SH:  0    Dex: 14    Spells: 5/6 levels left

rFire   + . .        Y - +4 sling
rCold   . . .        (no shield)
rNeg    + . .        j - +0 ring mail
rPois   inf          (no helmet)
rElec   +            (no cloak)
rCorr   .            (no gloves)
SInv    .            (no boots)
Will    .....        c - amulet of regeneration Stlth
                     i - ring of protection from fire
HPRegen 1.05/turn    d - +6 ring of strength
MPRegen 0.10/turn

%: no passive effects
@: confused
A: sickness immunity, AC +4, negative energy resistance 1, electricity
resistance, torment resistance 1, petrification resistance
a: no special abilities


You were on level 4 of the Dungeon.
You visited 1 branch of the dungeon, and saw 4 of its levels.

You collected 186 gold pieces.


Innate Abilities, Weirdness & Mutations

You are immune to sickness and miasma.
Your stone body is resilient. (AC +4)
You are immune to poison.
You resist negative energy. (rN+)
You are resistant to electric shocks. (rElec)
You are resistant to unholy torment.
You are immune to petrification.


   Skills:
 - Level 2.0 Fighting
 + Level 4.9 Ranged Weapons
 - Level 1.3 Armour
 - Level 1.5 Dodging
 - Level 1.0 Spellcasting
 - Level 2.6 Hexes


You had 5 spell levels left.
You knew the following spells:

 Your Spells              Type           Power      Damage    Failure   Level
a - Slow                  Hex            32%        N/A       16%         1

Your spell library contained the following spells:

 Spells                   Type           Power      Damage    Failure   Level
 Inner Flame              Hex/Fire       4%         N/A       63%         3
 Portal Projectile        Hex/Tloc       8%         N/A       63%         3
 Cause Fear               Hex            4%         N/A       85%         4

Inventory:

Hand Weapons
 Y - a +4 sling (weapon)
Armour
 j - a +0 ring mail (worn)
Jewellery
 c - an amulet of regeneration (around neck)
 d - a +6 ring of strength (right hand)
 g - a ring of fire
 i - a ring of protection from fire (left hand)
Scrolls
 a - 3 scrolls of teleportation
 b - 3 scrolls of identify
 k - a scroll of vulnerability {unknown}
Potions
 e - a potion of enlightenment
 f - 2 potions of mutation {unknown}
 h - a potion of haste {unknown}
 l - a potion of ambrosia {unknown}

Dungeon Overview and Level Annotations

Branches:
Dungeon (4/15)
 Temple: D:4-7

Altars:
Dithmenos

Shops:
D:1 =


Message History

You shoot a sling bullet.
The sling bullet closely misses the orc wizard.
The orc barely misses you.
The orc wizard points at you and mumbles some strange words.
The magic dart hits you but does no damage.
The orc hits you but does no damage. x2
You shoot a sling bullet.
The sling bullet closely misses the orc wizard.
The orc closely misses you.
The orc wizard hits you but does no damage.
The orc closely misses you. The orc barely misses you.
You shoot a sling bullet.
The sling bullet barely misses the orc wizard.
The orc hits you but does no damage. The orc wizard misses you.
The orc hits you but does no damage. The orc barely misses you.
You shoot a sling bullet.
The sling bullet closely misses the orc wizard.
The orc hits you but does no damage.
The orc wizard points at you and mumbles some strange words.
You are confused.
The orc hits you but does no damage. The orc barely misses you.
The orc hits you with a +0 mace. The orc wizard closely misses you.
The orc barely misses you. The orc hits you but does no damage.
The orc hits you with a +0 hand axe.
The orc wizard hits you with a +0 dagger.
The orc hits you but does no damage. The orc hits you with a +0 club.
The orc closely misses you. The orc wizard barely misses you.
The orc hits you but does no damage. x2
The orc barely misses you.
The orc wizard gestures at you while chanting.
The magic dart hits you but does no damage.
The orc closely misses you. x2
The orc hits you with a +0 hand axe.
The orc wizard gestures at you while chanting.
You resist with some effort. The orc hits you with a +0 mace.
The orc hits you with a +0 dagger. The orc barely misses you.
The orc hits you with a +0 hand axe.
The orc wizard hits you with a +0 dagger.
The orc misses you. The orc hits you with a +0 dagger.
You die...

...........######
....#####.........
...##....%...####
...#........#
.............###
##.............#
#.............#
#.....o.....#...
##....o@....#...
#....ooo...#
#.....)....#
##........##
#........#
#..........
#.....?....#
#......$...#


You could see an orc wizard and 4 orcs.

Vanquished Creatures
  An iguana (D:4)
  8 adders
  A worm (D:3)
  3 dart slugs
  3 orcs (D:4)
  A ball python (D:3)
  3 endoplasms
  3 giant cockroaches
  8 goblins
  2 hobgoblins (D:2)
  4 kobolds
  A quokka (D:3)
  7 bats
  2 frilled lizards
  6 rats
53 creatures vanquished.

Notes
Turn   | Place    | Note
-------+----------+-------------------------------------------
     0 | D:1      | qw the Gargoyle Hexslinger began the quest for the Orb.
     0 | D:1      | Reached XP level 1. HP: 12/12 MP: 2/2
     0 | D:1      | 0 ||| qw: Version: 0.3-a-46-gb1f654a
     0 | D:1      | 0 ||| qw: Game counter: 3702
     0 | D:1      | 0 ||| qw: Melee chars always use a shield: true
     0 | D:1      | 0 ||| qw: God list: Okawaru
     0 | D:1      | 0 ||| qw: Allow faded altars: false
     0 | D:1      | 0 ||| qw: Do Orc after clearing Dungeon:15 true
     0 | D:1      | 0 ||| qw: Do second Lair branch before Depths: true
     0 | D:1      | 0 ||| qw: Lair rune preference: random
     0 | D:1      | 0 ||| qw: Goals: Normal
     0 | D:1      | 0 ||| PLANNING D:1-11
   213 | D:1      | Found Otsylorgh's Jewellery Emporium.
   223 | D:1      | 223 ||| SHOPLISTING +4 ring of slaying (858 gold, have 25).
   223 | D:1      | 223 ||| SHOPLISTING +6 ring of strength (396 gold, have
                  | 25).
   223 | D:1      | 223 ||| SHOPLISTING ring of ice (275 gold, have 25).
   223 | D:1      | 223 ||| SHOPLISTING ring of protection from cold (275 gold,
                  | have 25).
   223 | D:1      | 223 ||| SHOPLISTING ring of resist corrosion (220 gold,
                  | have 25).
   312 | D:1      | Reached XP level 2. HP: 16/16 MP: 3/3
   537 | D:1      | 537 ||| Stepping ~*~*~tactically~*~*~ (outnumbered).
   539 | D:1      | 539 ||| Stepping ~*~*~tactically~*~*~ (outnumbered).
   550 | D:1      | Reached skill level 3 in Ranged Weapons
   656 | D:1      | 656 ||| UPGRADING to +0 leather armour.
   666 | D:1      | 666 ||| DROPPING +0 robe.
   667 | D:1      | 667 ||| UPGRADING to +0 ring mail.
   677 | D:1      | 677 ||| DROPPING +0 leather armour.
   678 | D:1      | 678 ||| UPGRADING to ring of protection from fire.
   679 | D:1      | 679 ||| READING 3 scrolls labelled SUILAO XUTEISMISCH.
   683 | D:1      | 683 ||| READING 2 scrolls labelled ASAQANEHYRR.
   684 | D:1      | 684 ||| READING scroll labelled HURUIMM DESEW.
   685 | D:1      | 685 ||| DROPPING scroll of poison.
   686 | D:1      | 686 ||| DROPPING scroll of fear.
   727 | D:2      | 727 ||| STAIRDANCE
   742 | D:1      | Reached XP level 3. HP: 11/21 MP: 4/4
   797 | D:2      | 797 ||| Stepping ~*~*~tactically~*~*~ (outnumbered).
   921 | D:2      | Reached XP level 4. HP: 26/26 MP: 5/5
  1205 | D:2      | 1205 ||| UPGRADING to amulet of regeneration.
  1210 | D:2      | 1210 ||| UPGRADING to +6 ring of strength.
  1211 | D:2      | 1211 ||| READING 3 scrolls labelled EPPOBLUOXO.
  1212 | D:2      | 1212 ||| READING 2 scrolls of enchant weapon.
  1212 | D:2      | 1212 ||| ENCHANTING +2 sling.
  1213 | D:2      | 1213 ||| READING scroll of enchant weapon.
  1213 | D:2      | 1213 ||| ENCHANTING +3 sling.
  1240 | D:3      | Reached skill level 4 in Ranged Weapons
  1411 | D:3      | Reached skill level 1 in Armour
  1534 | D:3      | Found a shadowy altar of Dithmenos.
  1733 | D:3      | 1733 ||| READING scroll labelled KAMAKU MESMUOX.
  1734 | D:3      | 1734 ||| READING 2 scrolls of identify.
  1734 | D:3      | 1734 ||| IDENTIFYING lumpy red potion
  1764 | D:4      | 1764 ||| STAIRDANCE
  1772 | D:3      | HP: 5/26 [something (2)]
  1773 | D:3      | 1773 ||| READING 2 scrolls of teleportation.
  1818 | D:4      | Reached XP level 5. HP: 30/30 MP: 6/6
  2035 | D:4      | HP: 6/30 [orc/+0 mace (5)]
  2036 | D:4      | HP: 1/30 [orc wizard/+0 dagger (3)]
  2036 | D:4      | Slain by an orc

Levels and vault maps discovered:
D:1:      saegor_arrival_simple_c, layout_loops_ring, serial_shops,
          nicolae_shop_gaudy_bauble
D:2:      layout_rooms
D:3:      layout_rooms, amcnicky_altar_gilded
D:4:      layout_rooms, grunt_ministairs_5, minmay_surrounded

Skill      XL: |  1  2  3  4 |
---------------+-------------+-----
Ranged Weapons | 3 4 |  4.9
Fighting       | 2 |  2.0
Armour         | 1 |  1.3
Dodging        | |  1.5
Spellcasting   | |  1.0
Hexes          | |  2.6

Action                     |  1- 3 |  4- 6 || total
---------------------------+-------+-------++-------
   Fire: Sling             |   100 |   120 ||   220
    Use: Scroll            |     3 |     6 ||     9
 Armour: Robe              |    12 |       ||    12
         Ring mail         |    49 |    63 ||   112
  Dodge: Dodged            |    60 |    64 ||   124

Table legend:
 A = Non-vault XP
 B = Vault XP
 C = Vault XP percentage of total XP
 D = Non-vault monster count
 E = Vault monster count
 F = Vault count percentage of total count
                 A         B        C        D         E       F
            +---------+---------+-------+---------+---------+-------
      Total |     215 |      14 |   6.1 |      52 |       1 |   1.9
            +---------+---------+-------+---------+---------+-------
        D:1 |      50 |       0 |   0.0 |      15 |       0 |   0.0
        D:2 |      40 |       0 |   0.0 |      17 |       0 |   0.0
        D:3 |      66 |       0 |   0.0 |      15 |       0 |   0.0
        D:4 |      59 |      14 |  19.2 |       5 |       1 |  16.7
            +---------+---------+-------+---------+---------+-------
